Map: Shrines of Lizul

Players

MonstroTown

  • Race: Terran Terran
  • Spawn Location: 3:00

Michael

  • Race: Zerg Zerg
  • League: Gold
  • Spawn Location: 12:00

Rocky - Winner!

  • Race: Terran Terran
  • Spawn Location: 6:00

Kaltag - Winner!

  • Race: Terran Terran
  • Spawn Location: 9:00

VOD

Have the link to the VOD?

Description

Time

  • Played on: Sept. 16, 2018, 9:44 a.m.
  • Length: 3:22
Show
View Real Time Build Order
Export as new Build Order

MonstroTown Terran 

Build Orders: Cyclone Opening 

Get SALT Encoding   

  12  0:01  SCV  
  13  0:13  SCV  
  14  0:18  Supply Depot  
  14  0:27  Refinery  
  14  0:28  SCV  
  15  0:40  SCV  
  16  0:47  Barracks  
  16  0:53  Refinery  
  16  0:57  SCV  
  17  1:09  SCV  
  18  1:24  SCV  
  19  1:34  Factory  
  19  1:38  Orbital Command  
  19  1:58  Barracks Reactor  
  19  2:05  SCV  
  19  2:06  Supply Depot  
  20  2:17  SCV  
  21  2:32  Bunker  
  21  2:33  Bunker, Cyclone  
  24  2:44  Marine x2  
  25  2:49  SCV  
  27  3:01  Marine  
  27  3:02  Marine  
Show
View Real Time Build Order
Export as new Build Order

Michael Zerg 

Build Orders: Pool First 

Get SALT Encoding   

  12  0:01  Drone  
  13  0:13  Overlord  
  13  0:18  Drone  
  14  0:31  Drone x2  
  14  0:34  Drone  
  17  0:41  Extractor  
  16  0:45  Drone  
  17  0:52  Spawning Pool  
  17  0:56  Drone  
  17  1:07  Drone  
  18  1:23  Overlord  
  18  1:34  Hatchery  
  18  1:37  Drone  
  18  1:49  Queen  
  20  1:58  Metabolic Boost  
  20  2:03  Zergling x2  
  21  2:08  Zergling x2  
  21  2:12  Drone  
  23  2:28  Zergling x4  
  25  2:36  Zergling x2  
  26  2:49  Baneling Nest  
  26  2:51  Drone x2  
  27  3:05  Zergling x2  
Show
View Real Time Build Order
Export as new Build Order

Rocky Terran - Winner!

Build Orders:  

Get SALT Encoding   

  12  0:01  SCV  
  13  0:13  SCV  
  14  0:19  Supply Depot  
  14  0:25  SCV  
  15  0:41  SCV  
  16  0:44  Barracks  
  16  0:52  Barracks  
  16  0:56  SCV  
  17  1:15  Barracks  
  17  1:20  Barracks  
  17  1:27  SCV  
  18  1:33  Marine  
  20  1:40  Marine  
  20  1:47  Supply Depot  
  20  1:51  Marine  
  21  1:58  Marine  
  22  2:02  Marine  
  23  2:08  Marine  
  23  2:09  Marine  
  25  2:16  Marine  
  25  2:19  Marine  
  27  2:26  Marine  
  27  2:27  Marine  
  29  2:33  Marine  
  30  2:37  Marine  
  30  2:43  Supply Depot  
  31  2:45  Orbital Command  
Show
View Real Time Build Order
Export as new Build Order

Kaltag Terran - Winner!

Build Orders:  

Get SALT Encoding   

  12  0:02  SCV  
  14  0:14  SCV  
  14  0:20  Supply Depot  
  14  0:26  SCV  
  15  0:35  Supply Depot  
  16  0:46  Barracks  
  16  0:49  SCV  
  16  1:02  Barracks  
  16  1:07  SCV  
  17  1:25  Barracks  
  17  1:32  Barracks  
  17  1:33  Marine  
  17  1:38  SCV  
  19  1:49  Marine  
  19  1:51  Marine  
  21  1:59  SCV  
  22  2:07  Marine  
  23  2:09  Marine  
  23  2:11  Marine  
  25  2:23  Marine  
  25  2:25  Marine  
  25  2:27  Marine  
  28  2:38  Marine  
  28  2:41  Marine  
  28  2:43  Orbital Command, Marine  
  31  2:45  Refinery  
  31  2:50  Supply Depot  
  34  3:17  Refinery  
Tags
 
Add a new tag
Caveats
  • Supply blocks, unpowered buildings, or Contaminate may cause inaccurate times.
  • Supply counts are checked every 10 seconds.